 Dungeon Crawl Stone Soup version 0.30-a0-223-gcb0039aa0c (webtiles) character file.

Game seed: 6402098574102715283

182 billz999 the Sneak (level 5, -3/31 HPs)
             Began as an Octopode Earth Elementalist on Oct 9, 2022.
             Slain by an orc
             ... wielding a +0 falchion
              (8 damage)
             ... on level 3 of the Dungeon.
             The game lasted 00:07:15 (2520 turns).

billz999 the Sneak (Octopode Earth Elementalist)    Turns: 2520, Time: 00:07:16

Health: -3/31      AC:  1    Str:  7    XL:     5   Next: 61%
Magic:  6/8        EV: 13    Int: 19    God:
Gold:   208        SH:  0    Dex: 13    Spells: 3/8 levels left

rFire   x . .      SeeInvis .    s - +0 short sword (drain)
rCold   + . .      Faith    .    (no shield)
rNeg    . . .      Spirit   .    (helmet restricted)
rPois   .          Reflect  .    d - amulet of magic regeneration
rElec   .          Harm     .    f - ring of ice
rCorr   .          Rampage  .    (no ring)
Will    .....                    (no ring)
Stlth   ++++......               (no ring)
HPRegen 0.25/turn                (no ring)
MPRegen 0.51/turn                (no ring)
                                 (no ring)
                                 (no ring)

@: no status effects
A: almost no armour, amphibious, 8 rings, camouflage 1, gelatinous body 1,
(nimble swimmer 1), tentacles
a: no special abilities


You were on level 3 of the Dungeon.
You visited 1 branch of the dungeon, and saw 3 of its levels.

You collected 208 gold pieces.

Inventory:

Hand Weapons
 b - a +0 dagger
 s - a +0 short sword of draining (weapon)
Jewellery
 d - an amulet of magic regeneration (around mantle)
 f - a ring of ice (left tentacle)
Wands
 l - a wand of flame (42)
Scrolls
 g - a scroll of enchant weapon {unknown}
 i - a scroll of poison {unknown}
 k - a scroll of teleportation {unknown}
 m - a scroll of summoning {unknown}
 n - a scroll of magic mapping {unknown}
 o - a scroll of butterflies {unknown}
 q - a scroll of vulnerability {unknown}
 t - a scroll of identify
 u - a scroll of enchant armour {unknown}
Potions
 a - 2 potions of magic
 e - 3 potions of curing
 h - 3 potions of cancellation
 j - a potion of brilliance
 p - a potion of attraction {unknown}
 r - a potion of lignification {unknown}


   Skills:
 - Level 2.0 Dodging
 - Level 7.0 Stealth
 - Level 2.0 Spellcasting
 + Level 2.1 Transmutations
 + Level 3.5 Earth Magic


You had 3 spell levels left.
You knew the following spells:

 Your Spells              Type           Power      Damage    Failure   Level
a - Sandblast             Erth           30%        2d9       4%          1
b - Petrify               Tmut/Erth      12%        N/A       45%         4

Your spell library contained the following spells:

 Spells                   Type           Power      Damage    Failure   Level
 Passwall                 Tmut/Erth      10%        N/A       8%          2
 Stone Arrow              Conj/Erth      16%        3d8       24%         3
 Ensorcelled Hibernation  Hex/Ice        4%         N/A       26%         2
 Spider Form              Tmut/Pois      5%         N/A       32%         3
 Anguish                  Hex/Necr       0%         N/A       86%         4


Dungeon Overview and Level Annotations

Branches:
Dungeon (3/15)

Altars:


Innate Abilities, Weirdness & Mutations

You cannot wear most types of armour.
You are amphibious.
You can wear up to eight rings at the same time.
Your skin changes colour to match your surroundings (Stealth+).
Your rubbery body absorbs attacks. (AC +1, EV +1)
((You are camouflaged when in or above water. (Stealth+)))
You have tentacles for arms and can constrict up to eight enemies at once.


Message History

Aiming: Sandblast (safe; 4% risk of failure)
Press: ? - help, Shift-Dir - straight line, f/p - orc wizard
Aim: an orc wizard, wielding a +0 dagger and wearing a +0 robe (lightly wounded, 77% to hit)
The blast of sand hits the orc wizard but does no damage.
The orc wizard is lightly wounded.
The orc barely misses you.
The orc wizard hits you with a +0 dagger.
The orc hits you with a +0 dagger.
The orc wizard hits you with a +0 dagger.
Casting: Sandblast (safe; 4% risk of failure)
Confirm with . or Enter, or press ? or * to list all spells.
Aiming: Sandblast (safe; 4% risk of failure)
Press: ? - help, Shift-Dir - straight line, f/p - orc wizard
Aim: an orc wizard, wielding a +0 dagger and wearing a +0 robe (lightly wounded, 77% to hit)
The blast of sand hits the orc wizard!
The orc wizard is severely wounded.
The orc barely misses you.
The orc wizard hits you with a +0 dagger.
Casting: Sandblast (safe; 4% risk of failure)
Confirm with . or Enter, or press ? or * to list all spells.
Aiming: Sandblast (safe; 4% risk of failure)
Press: ? - help, Shift-Dir - straight line, f/p - orc wizard
Aim: an orc wizard, wielding a +0 dagger and wearing a +0 robe (severely wounded, 77% to hit)
The blast of sand hits the orc wizard!
You kill the orc wizard!
The orc hits you with a +0 dagger. The orc closely misses you.
The orc hits you with a +0 falchion.
* * * LOW HITPOINT WARNING * * *
Your Transmutations skill increases to level 2!
Casting: Sandblast (safe; 4% risk of failure)
Confirm with . or Enter, or press ? or * to list all spells.
Aiming: Sandblast (safe; 4% risk of failure)
Press: ? - help, Shift-Dir - straight line, f - orc
Aim: an orc, wielding a +0 dagger and wearing a +0 chain mail (heavily wounded, 87% to hit)
The blast of sand hits the orc but does no damage.
The orc is heavily wounded.
The orc hits you with a +0 dagger.
* * * LOW HITPOINT WARNING * * *
The orc hits you with a +0 falchion!
You die...

......###......# #.....##.....
......##.......## ##......#.....
......##........####[............
####+##.....................##+##
#.....................##...
#.#..##..........##..###..#
#.##..#..........#..## #..# #.
#...............#####..# #
+.....o@#.........##.... #
#.....o###....#...##.... #
...#+#......####...##.... # ####
##....## #...##...# #
##...#####...###..# #
+...+[..'...# #..# #
#...#####...# #... #)..# #...#
#..# #...# #...# #.##


You could see 2 orcs.

Vanquished Creatures
  An orc wizard (D:3)
  Robin (D:2)
  5 adders
  A worm (D:3)
  A dart slug (D:1)
  7 orcs (D:3)
  5 ball pythons
  7 bats
  5 endoplasms
  2 giant cockroaches (D:1)
  13 goblins
  11 hobgoblins
  6 jackals
  5 kobolds
  A quokka (D:1)
  A frilled lizard (D:1)
  9 rats
81 creatures vanquished.

Notes
Turn   | Place    | Note
-------+----------+-------------------------------------------
     0 | D:1      | billz999 the Octopode Earth Elementalist began the quest
                  | for the Orb.
     0 | D:1      | Reached XP level 1. HP: 11/11 MP: 3/3
    64 | D:1      | Reached skill level 3 in Stealth
   113 | D:1      | Reached XP level 2. HP: 11/17 MP: 0/5
   170 | D:1      | Reached skill level 4 in Stealth
   377 | D:1      | Reached XP level 3. HP: 21/21 MP: 3/6
   479 | D:1      | Reached skill level 5 in Stealth
  1065 | D:2      | Reached XP level 4. HP: 27/27 MP: 5/7
  1076 | D:2      | Reached skill level 6 in Stealth
  1216 | D:2      | Noticed Robin
  1368 | D:2      | Killed Robin
  1707 | D:2      | Reached skill level 7 in Stealth
  1785 | D:2      | Learned a level 4 spell: Petrify
  1981 | D:3      | Reached XP level 5. HP: 23/31 MP: 8/8
  2520 | D:3      | Slain by an orc

Illustrated notes

Levels and vault maps discovered:
D:1:      spicycebolla_arrival_ecumenical, layout_rooms, minmay_pentomino_o4
D:2:      layout_loops_ring, uniq_robin
D:3:      layout_basic, minmay_misc_feat_ornament, kennysheep_decorative_pillar

Skill      XL: |  1  2  3  4  5 |
---------------+----------------+-----
Stealth        | 3 4 5 7 |  7.0
Transmutations | 2 |  2.1
Dodging        | |  2.0
Spellcasting   | |  2.0
Earth Magic    | |  3.5

Action                   |  1- 3 |  4- 6 || total
-------------------------+-------+-------++-------
Melee: Unarmed           |     3 |       ||     3
       Dagger            |    15 |    14 ||    29
       Constrict         |     4 |     5 ||     9
       Tentacles         |     4 |     4 ||     8
       Punch             |     1 |       ||     1
 Cast: Sandblast         |    44 |    66 ||   110
Evoke: Wand              |       |     1 ||     1
  Use: Scroll            |     3 |     1 ||     4
       Potion            |       |     1 ||     1
 Stab: Sleeping          |     2 |       ||     2
Armor: Skin              |     3 |     1 ||     4
Dodge: Dodged            |    14 |    29 ||    43

Table legend: (Time is in decaauts)
 A = Elapsed time spent in this place.
 B = Non-inter-level travel time spent in this place.
 C = Inter-level travel time spent in this place.
 D = Time resting spent in this place.
 E = Time spent auto-exploring this place.
 F = Levels seen in this place.
 G = Mean time per level.
                   A        B        C        D        E       F      G
               +--------+--------+--------+--------+--------+-----+--------+
         Total |   2572 |   2520 |     52 |    230 |   1796 |   3 |  857.3 |
       Dungeon |   2572 |   2520 |     52 |    230 |   1796 |   3 |  857.3 |
               +--------+--------+--------+--------+--------+-----+--------+

Top non-repeatable levels by time:
     D:2: 1015 daAuts
     D:1: 915 daAuts
     D:3: 641 daAuts
